 Dungeon Crawl Stone Soup version 0.25-a0-577-ga4619f409e (webtiles) character file.

Game seed: 7107863606027879349, levelgen mode: deterministic

59 Flugslaktarn the Shield-Bearer (level 3, -1/33 HPs)
             Began as a Minotaur Fighter on Mar 3, 2020.
             Slain by an orc
             ... wielding a +6 flail of protection
              (14 damage)
             ... on level 3 of the Dungeon.
             The game lasted 00:00:23 (413 turns).

Flugslaktarn the Shield-Bearer (Minotaur Fighter)    Turns: 413, Time: 00:00:23

Health: -1/33      AC:  7    Str: 21    XL:     3   Next: 78%
Magic:  2/2        EV:  7    Int:  5    God:
Gold:   47         SH:  9    Dex:  9    Spells: 2/2 levels left

rFire    . . .     SeeInvis .   a - +0 war axe
rCold    . . .     Gourm    .   c - +0 kite shield
rNeg     . . .     Faith    .   b - +0 scale mail
rPois    .         Spirit   .   (helmet restricted)
rElec    .         Reflect  .   (no cloak)
rCorr    .         Harm     .   (no gloves)
MR       .....                  (no boots)
Stlth    ..........             (no amulet)
HPRegen  0.11/turn              (no ring)
MPRegen  0.08/turn              (no ring)

@: lethally poisoned (-1 -> -5)
A: retaliatory headbutt, horns 2
a: no special abilities


You were on level 3 of the Dungeon.
You were not hungry.

You visited 1 branch of the dungeon, and saw 3 of its levels.

You collected 47 gold pieces.

Inventory:

Hand Weapons
 a - a +0 war axe (weapon)
Armour
 b - a +0 scale mail (worn)
 c - a +0 kite shield (worn)
Scrolls
 h - a scroll of remove curse {unknown}
Potions
 d - a potion of might
 g - 2 potions of curing {unknown}
 i - a potion of berserk rage {unknown}
Comestibles
 e - 3 rations
 f - 7 chunks of flesh


   Skills:
 + Level 4.1 Fighting
 * Level 3.7 Axes
 + Level 4.1 Armour
 + Level 4.1 Shields


You had 2 spell levels left.
You didn't know any spells.
Your spell library was empty.

Dungeon Overview and Level Annotations

Branches:
Dungeon (3/15)

Altars:

Annotations:
D:3 Ijyb


Innate Abilities, Weirdness & Mutations

You reflexively headbutt those who attack you in melee.
You have a pair of horns on your head.


Message History

You hit Ijyb but do no damage. You headbutt Ijyb, but do no damage.
Ijyb is lightly wounded.
You hit the worker ant.
Your shield prevents you from hitting the orc.
You feel sick.
The orc hits you with a +6 flail of protection!
The worker ant bites you but does no damage.
Ijyb screams, "Me very upset!"
You block Ijyb's attack.
The kobold throws a poisoned dart.
You block the poisoned dart.
You hit the worker ant. You headbutt the worker ant.
The worker ant is severely wounded.
You barely miss Ijyb.
Your shield prevents you from hitting the orc.
The worker ant bites you. You block the orc's attack.
Ijyb screams, "Get away!"
You block Ijyb's attack. The worker ant bites you.
Ijyb hits you but does no damage.
The orc hits you with a +6 flail of protection!
You die...

.. .. .......
..##. #.....
... ...#.##....
..# ..........#
.... ..........
.....
#.......##.....
#.....K.......
#.oga...K..
##.@......$
...............
..####.......##
#.#.....#
..#####.# ####
#


You could see Ijyb, a worker ant, an orc and 2 kobolds.

Vanquished Creatures
  2 adders
  A worm (D:3)
  A leopard gecko (D:2)
  A ball python (D:2)
  A giant cockroach (D:1)
  6 hobgoblins
  3 jackals (D:2)
  3 kobolds (D:1)
  A quokka (D:2)
  7 bats (D:1)
  2 frilled lizards
  4 goblins
  2 rats
34 creatures vanquished.

Notes
Turn   | Place    | Note
-------+----------+-------------------------------------------
     0 | D:1      | Flugslaktarn the Minotaur Fighter began the quest for the
                  | Orb.
     0 | D:1      | Reached XP level 1. HP: 19/19 MP: 0/0
    92 | D:1      | Reached XP level 2. HP: 27/27 MP: 1/1
   241 | D:2      | Reached XP level 3. HP: 33/33 MP: 2/2
   404 | D:3      | Noticed Ijyb
   413 | D:3      | Slain by an orc

Levels and vault maps discovered:
D:1:      wander_arrival_fairy_ring, layout_rooms, chequers_garden,
          st_stairs_14, chequers_decorated_corner
D:2:      layout_basic, doesnt_xom_only_xom, roderic_lattice_a,
          hangedman_abyss_or_decor_lesser_grid, uniq_natasha
D:3:      layout_rooms, corner_web_ring, uniq_jessica, uniq_ijyb, uniq_sigmund

Skill      XL: |  1  2 |
---------------+-------+-----
Axes           | 3 |  3.7
Fighting       | 4 |  4.1
Armour         | 4 |  4.1
Shields        | 4 |  4.1

Action                   || total
-------------------------++-------
Melee: War axe           ||    70
       Headbutt          ||    12
Armor: Scale mail        ||    57
Dodge: Dodged            ||    41
Block: Kite shield       ||    55

Table legend:
 A = Non-vault XP
 B = Vault XP
 C = Vault XP percentage of total XP
 D = Non-vault monster count
 E = Vault monster count
 F = Vault count percentage of total count
                 A         B        C        D         E       F
            +---------+---------+-------+---------+---------+-------
      Total |      85 |       0 |   0.0 |      34 |       0 |   0.0
            +---------+---------+-------+---------+---------+-------
        D:1 |      31 |       0 |   0.0 |      19 |       0 |   0.0
        D:2 |      36 |       0 |   0.0 |      13 |       0 |   0.0
        D:3 |      18 |       0 |   0.0 |       2 |       0 |   0.0
            +---------+---------+-------+---------+---------+-------
